Description

This build is hatchery first, so your opponent is not likely to expect what is coming. Once you get your army to your opponents base, use burrow micro on your injured roaches. Even if they have detection(which they are very unlikely to have for a while), you can quickly burrow and unburrow your roaches and hope your opponent is not paying attention to get their units to retarget on your low health roaches.

Build Order

Get SALT Encoding   

  12  0:00  Drone  
  13  0:13  Overlord  
  13  0:17  Drone  
  14  0:31  Drone x2  
  16  0:34  Drone  
  17  0:51  Hatchery  
  16  0:55  Drone  
  17  1:09  Spawning Pool  
  16  1:12  Drone  
  17  1:15  Extractor  
  16  1:17  Drone  
  17  1:21  Drone  
  18  1:27  Drone  
  19  1:40  Drone  
  20  1:49  Extractor  1 drone on this gas
  19  1:52  Drone  
  20  1:55  Queen  
  22  2:01  Roach Warren, Drone  
  22  2:06  Overlord  
  22  2:11  Drone  
  23  2:15  Drone  
  24  2:20  Drone  
  25  2:26  Drone  
  26  2:30  Burrow, Drone  
  27  2:35  Drone  
  28  2:40  Overlord  
  28  2:47  Roach  
  30  2:52  Roach  
  32  2:56  Roach  
  34  3:03  Overlord  
  34  3:04  Roach x2  
  38  3:06  Roach  
  40  3:13  Roach  
  42  3:16  Overlord  
Spawning Tool Build Advisor. Get it on Overwolf

Go to:

Details

  • Created by: Dae22
  • Published on: May 02, 2018
  • Modified on: May 04, 2018
  • Patch: 4.0.0
Show
View Real Time Build Order
Export as new Build Order

Comments (1)

On May 10, 2018, 2:08 p.m., Pyromartian  said:

A seven roach burrow?
Nice!

Create an account to comment!